 Dungeon Crawl Stone Soup version 0.25-b1-23-ge2ad7d536c (webtiles) character file.

Game seed: 12283737841074220054, levelgen mode: deterministic

287 lepoulpe303 the Ruffian (level 6, -3/48 HPs)
             Began as a Draconian Transmuter on May 29, 2020.
             Slain by a sky beast (5 damage)
             ... on level 7 of the Dungeon.
             The game lasted 00:13:22 (4443 turns).

lepoulpe303 the Ruffian (Draconian Transmuter)      Turns: 4443, Time: 00:13:22

Health: -3/48      AC:  2    Str: 14    XL:     6   Next: 8%
Magic:  7/11       EV: 20    Int: 20    God:
Gold:   215        SH:  0    Dex: 16    Spells: 1/11 levels left

rFire    . . .     SeeInvis .     - Unarmed
rCold    . . .     Gourm    .   (shield currently unavailable)
rNeg     . . .     Faith    .   (armour unavailable)
rPois    x         Spirit   .   (helmet currently unavailable)
rElec    .         Reflect  .   (cloak currently unavailable)
rCorr    .         Harm     .   (gloves currently unavailable)
MR       .....                  (boots currently unavailable)
Stlth    +.........             (no amulet)
HPRegen  0.16/turn              W - ring of wizardry {Wiz+}
MPRegen  0.12/turn              t - +6 ring of intelligence

@: spider-form
A: tiny, unfitting armour, AC +6
a: End Transformation


You were on level 7 of the Dungeon.
You were very hungry.
You were a venomous arachnid creature.
You visited 1 branch of the dungeon, and saw 5 of its levels.

You collected 215 gold pieces.

Inventory:

Missiles
 s - 5 boomerangs
 Q - 49 arrows
Jewellery
 t - a +6 ring of intelligence (right front leg)
 W - a ring of wizardry (left front leg) {Wiz+}
Wands
 f - a wand of paralysis (7)
Scrolls
 b - a scroll of enchant weapon {unknown}
 h - a scroll of remove curse {unknown}
 i - a scroll of identify
 j - a scroll of noise {unknown}
 l - a scroll of magic mapping {unknown}
 m - 2 scrolls of teleportation {unknown}
 n - a scroll of fear {unknown}
 r - 2 scrolls of amnesia {unknown}
Potions
 a - 2 potions of curing {unknown}
 c - 2 potions of haste {unknown}
 d - 3 potions of brilliance {unknown}
 g - 5 potions of flight {unknown}
 k - a potion of heal wounds {unknown}
 p - a potion of magic {unknown}
 q - a potion of lignification {unknown}
Comestibles
 e - 2 rations


   Skills:
 + Level 2.2 Fighting
 + Level 2.6 Dodging
 * Level 4.2 Unarmed Combat
 * Level 3.4 Spellcasting
 * Level 3.7 Transmutations


You had one spell level left.
You knew the following spells:

 Your Spells              Type           Power        Failure   Level  Hunger
a - Beastly Appendage     Tmut           ###...       4%          1    None
b - Ice Form              Ice/Tmut       ##......     41%         4    ####...
c - Spider Form           Tmut/Pois      ##........   16%         3    ###....
s - Sticks to Snakes      Tmut           ###.....     6%          2    ##.....

Your spell library contained the following spells:

 Spells                   Type           Power        Failure   Level  Hunger
 Magic Dart               Conj           #...         13%         1    None
 Sandblast                Erth           #.....       13%         1    None
 Passwall                 Tmut/Erth      ##......     10%         2    ##.....
 Blink                    Tloc           N/A          17%         2    ##.....
 Call Imp                 Summ           #.......     17%         2    ##.....
 Slow                     Hex            #.......     17%         2    ##.....
 Conjure Flame            Conj/Fire      #.......     30%         3    ###....
 Mephitic Cloud           Conj/Pois/Air  #.......     30%         3    ###....
 Stone Arrow              Conj/Erth      #.....       30%         3    ###....
 Petrify                  Tmut/Erth      ##......     41%         4    ####...
 Blade Hands              Tmut           ###.......   47%         5    ######.
 Lee's Rapid Deconstruct  Erth           #.........   89%         5    ######.


Dungeon Overview and Level Annotations

Branches:
Dungeon (4/15)
 Temple: D:4-7

Altars:
Makhleb
Sif Muna

Portals:
Bailey: D:7


Innate Abilities, Weirdness & Mutations

((Your plain brown scales are hard. (AC +6)))
You cannot fit into any form of body armour.
((You are cold-blooded and may be slowed by cold attacks.))


Message History

Your ball python withers and dies!
You create a snake!
You now have 49 arrows.
A sky beast appears from thin air!
Reactivating autopickup.
The sky beast hits you but does no damage.
You now have 8/11 mp.
You swap places.
The sky beast hits your adder. The sky beast shocks your adder.
The sky beast hits your adder.
Your adder dies!
Casting: Sticks to Snakes (safe; 1% risk of failure)
Your horns disappear.
You turn into a venomous arachnid creature.
You now have 6/11 mp.
The sky beast flickers out of sight!
Deactivating autopickup; reactivate with Ctrl-A.
Something closely misses you.
You closely miss something. Something hits you.
* * * LOW HITPOINT WARNING * * *
Something shocks you.
You die...

## ### .# #.######.#
.# #.....s{.# .#
#.######.# $# #.#
.#################Y###
)......≈.).....Y.....#
)#####################
##........ ##.#######
..........


There were no monsters in sight!

Levels and vault maps discovered:
D:1:      denvon_arrival_planthouse, layout_basic, minmay_tetromino_o2
D:2:      layout_rooms, palyth_stone_intersect
D:3:      layout_basic, cheibrodos_gnoll_hut
D:4:      cheibrodos_helix_gallery, layout_basic, makhleb_grotto_becter,
          minmay_temple_entry_fiery, led_sif_pool, uniq_natasha
D:7:      layout_basic, serial_shops, nicolae_shop_stone, enter_bailey_3,
          feat_on_display, uniq_prince_ribbit1

Notes
Turn   | Place    | Note
-------+----------+-------------------------------------------
     0 | D:1      | lepoulpe303 the Draconian Transmuter began the quest for
                  | the Orb.
     0 | D:1      | Reached XP level 1. HP: 16/16 MP: 3/3
    20 | D:1      | Identified a +0 dagger
    38 | D:1      | HP: 2/16 [kobold/+0 dagger (4)]
   351 | D:1      | Identified a +0 dagger
   373 | D:1      | Reached XP level 2. HP: 15/23 MP: 5/5
   377 | D:1      | Learned a level 2 spell: Sticks to Snakes
   725 | D:1      | Identified a cursed +0 club
   745 | D:1      | Identified a +0 short sword
  1044 | D:1      | Reached skill level 2 in Dodging
  1062 | D:1      | Identified a +0 dagger
  1239 | D:1      | Reached XP level 3. HP: 23/28 MP: 4/6
  1246 | D:1      | Learned a level 3 spell: Spider Form
  1409 | D:2      | Identified a +0 club
  1831 | D:3      | Identified a +0 halberd
  1848 | D:3      | HP: 7/28 [hound (3)]
  1863 | D:2      | HP: 3/28 [hound (5)]
  1867 | D:2      | HP: 1/28 [hound (2)]
  1897 | D:2      | Reached XP level 4. HP: 5/35 MP: 0/7
  2187 | D:3      | Reached skill level 3 in Transmutations
  2608 | D:3      | Identified a +0 club
  2639 | D:3      | Reached skill level 3 in Spellcasting
  2660 | D:3      | Identified a +0 morningstar
  2695 | D:3      | Identified a +0 club
  2695 | D:3      | Identified a +0 leather armour
  2941 | D:3      | Reached XP level 5. HP: 38/41 MP: 7/9
  2950 | D:3      | Learned a level 4 spell: Ice Form
  3025 | D:4      | Found a burning altar of Makhleb.
  3037 | D:4      | Reached skill level 2 in Fighting
  3061 | D:4      | HP: 6/41 [iguana (7)]
  3062 | D:4      | HP: 2/41 [iguana (4)]
  3377 | D:4      | Found a shimmering blue altar of Sif Muna.
  3543 | D:4      | Reached skill level 4 in Unarmed Combat
  3640 | D:4      | Identified a +0 mace
  3765 | D:4      | Identified a +0 dagger
  3766 | D:4      | Identified a +0 whip
  3771 | D:4      | Identified a +0 hand axe
  3771 | D:4      | Identified a +0 ring mail
  4016 | D:4      | You fall into a shaft and drop 3 floors!
  4060 | D:7      | Reached XP level 6. HP: 14/48 MP: 11/11
  4064 | D:7      | HP: 12/48 [poisoned by a worker ant]
  4071 | D:7      | HP: 10/48 [poisoned by a worker ant]
  4078 | D:7      | HP: 9/48 [poisoned by a worker ant]
  4086 | D:7      | HP: 9/48 [poisoned by a worker ant]
  4353 | D:7      | Identified 3 scrolls of identify
  4353 | D:7      | Identified a ring of wizardry (You found it on level 3 of
                  | the Dungeon)
  4355 | D:7      | Identified a ring of intelligence (You found it on level 7
                  | of the Dungeon)
  4378 | D:7      | Identified a cursed -1 hand axe
  4378 | D:7      | Identified a +0 hand axe
  4379 | D:7      | Found a flagged portal.
  4379 | D:7      | Identified a +0 hand axe
  4379 | D:7      | Identified a +0 hand axe
  4384 | D:7      | Noticed a sky beast
  4405 | D:7      | HP: 12/48 [sky beast (6)]
  4406 | D:7      | HP: 4/48 [sky beast (6)]
  4422 | D:7      | HP: 6/48 [sky beast (1)]
  4422 | D:7      | HP: 1/48 [sky beast (5)]
  4443 | D:7      | HP: 2/48 [something (2)]
  4443 | D:7      | Slain by a sky beast

Table legend:
 A = Turns spent in this place as a percentage of turns spent in the entire game.
 B = Non-inter-level travel turns spent in this place as a percentage of non-inter-level travel turns spent in the entire game.
 C = Inter-level travel turns spent in this place as a percentage of turns spent in this place.
 D = Turns resting spent in this place as a percentage of non-inter-level travel turns spent in this place.
 E = Turns spent auto-exploring this place as a percentage of non-inter-level travel turns spent in this place.
 F = Non-inter-level travel turns spent in this place divided by the number of levels of this place that you've seen.
                   A       B       C       D       E      F
               +-------+-------+-------+-------+-------+----------------------
         Total | 100.0 | 100.0 |   2.9 |  39.1 |  39.5 | 862.4
       Dungeon | 100.0 | 100.0 |   2.9 |  39.1 |  39.5 | 862.4
               +-------+-------+-------+-------+-------+----------------------

Table legend:
 A = Kills in this place as a percentage of kills in entire the game.
 B = Kills by you in this place as a percentage of kills by you in the entire game.
 C = Kills by friends in this place as a percentage of kills by friends in the entire game.
 D = Other kills in this place as a percentage of other kills in the entire game.
 E = Experience gained in this place as a percentage of experience gained in the entire game.
 F = Experience gained in this place divided by the number of levels of this place that you have seen.
                   A       B       C       D       E      F
               +-------+-------+-------+-------+-------+----------------------
         Total | 100.0 | 100.0 | 100.0 |   N/A | 100.0 |  82.0
       Dungeon | 100.0 | 100.0 | 100.0 |   N/A | 100.0 |  82.0
               +-------+-------+-------+-------+-------+----------------------

Skill      XL: |  1  2  3  4  5 |
---------------+----------------+-----
Dodging        | 2 |  2.6
Transmutations | 3 |  3.7
Spellcasting   | 3 |  3.4
Fighting       | 2 |  2.2
Unarmed Combat | 4 |  4.2

Action                   |  1- 3 |  4- 6 || total
-------------------------+-------+-------++-------
Melee: Unarmed           |   163 |   169 ||   332
       Tailslap          |    18 |    15 ||    33
       Kick              |     8 |    14 ||    22
       Headbutt          |     4 |     5 ||     9
       Punch             |     2 |     4 ||     6
 Cast: Beastly Appendage |    11 |    10 ||    21
       Sticks to Snakes  |     5 |     8 ||    13
       Spider Form       |       |     1 ||     1
  Use: Scroll            |       |     2 ||     2
  Eat: Chunk             |     3 |     5 ||     8
       Ration            |       |     1 ||     1
Armor: Skin              |    61 |    57 ||   118
Dodge: Dodged            |   108 |    95 ||   203

Vanquished Creatures
  A crimson imp (D:4)
  An orc priest (D:4)
  A hound (D:3)
  A worker ant (D:7)
  A hound skeleton (D:4)
  A gnoll (D:3)
  An adder (D:4)
  An ooze (D:2)
  An adder skeleton (D:4)
  2 worms
  5 dart slugs
  A leopard gecko (D:3)
  6 orcs
  3 bats
  2 giant cockroaches
  10 goblins
  9 hobgoblins
  7 jackals
  6 kobolds
  3 frilled lizards
  5 rats
68 creatures vanquished.

Vanquished Creatures (collateral kills)
  A hound (D:2)
  An iguana (D:4)
  An adder (D:3)
  A leopard gecko (D:2)
  2 goblins (D:7)
6 creatures vanquished.

Grand Total: 74 creatures vanquished
